Map: 해비테이션 스테이션 - 래더 (공허의 유산)

Players

Maru - Winner!

  • Race: Terran Terran
  • League: Diamond
  • Spawn Location: 1:00

Scarlett

  • Race: Zerg Zerg
  • Spawn Location: 11:00

Event: WESG 2016 Finals

VOD

Have the link to the VOD?

Description

Time

  • Played on: Jan. 13, 2017, 11:35 p.m.
  • Length: 5:35

All games in this series

Show
View Real Time Build Order
Export as new Build Order

Maru Terran - Winner!

Build Orders: Reaper Expand 

Get SALT Encoding   

  12  0:00  SCV  
  13  0:12  SCV  
  14  0:17  Supply Depot  
  14  0:24  SCV  
  15  0:39  Barracks, SCV  
  16  0:44  Refinery  
  16  0:51  SCV  
  17  1:03  SCV  
  18  1:15  SCV  
  19  1:27  Orbital Command, Reaper  
  20  1:38  Command Center  
  20  1:48  Barracks  
  20  1:53  SCV  
  21  2:00  Barracks Reactor  
  21  2:02  Supply Depot  
  21  2:05  SCV  
  22  2:10  Refinery  
  22  2:17  SCV  
  23  2:27  Factory  
  23  2:29  SCV  
  24  2:36  Marine  
  24  2:37  Bunker  
  24  2:38  Marine  
  24  2:43  Marine  
  26  2:46  SCV  
  27  2:54  Marine  
  27  2:56  Marine  
  29  3:02  SCV  
  29  3:04  Marine  
  29  3:12  Cyclone, Marine  
  26  3:24  Marine  
  26  3:25  Marine  
  28  3:30  Marine  
  28  3:38  SCV  
  27  3:42  Marine x2  
  27  3:50  SCV  
  28  3:56  Marine  
  28  3:58  Orbital Command  
  28  4:00  Marine  
  30  4:03  SCV  
  30  4:07  Barracks Tech Lab  
  29  4:15  SCV  
  30  4:17  Marine  
  30  4:18  Marine  
  32  4:25  Marine  
  32  4:26  SCV  
  32  4:27  SCV  
  35  4:38  SCV  
  35  4:39  SCV  
  35  4:44  Marine  
  35  4:45  Marine  
  39  4:49  Starport  
  39  4:50  SCV  
  39  4:51  Factory Reactor, SCV  
  40  4:54  Marine  
  40  5:02  Marine  
  40  5:03  Marine, SCV x2  
  44  5:09  Supply Depot  
  44  5:12  Marine  
  44  5:13  Supply Depot  
  45  5:15  SCV  
  46  5:24  Supply Depot  
Show
View Real Time Build Order
Export as new Build Order

Scarlett Zerg 

Build Orders: Pool Only, Ravager All-In 

Get SALT Encoding   

  12  0:00  Drone  
  13  0:14  Extractor  
  12  0:24  Spawning Pool  
  12  0:28  Drone  
  12  0:33  Drone  
  13  0:38  Drone  
  14  0:49  Overlord  
  14  0:56  Extractor  
  13  1:11  Roach Warren  
  12  1:12  Zergling x2  
  12  1:18  Drone  
  14  1:37  Overlord  
  14  1:51  Roach  
  14  1:52  Roach  
  18  2:03  Roach  
  20  2:12  Ravager x2  
  22  2:22  Roach  
  24  2:25  Ravager  
  25  2:36  Roach  
  27  2:43  Ravager  
  28  2:50  Roach  
  23  3:22  Roach x2  
  27  3:30  Ravager x2  
  26  3:42  Roach x2  
  30  3:53  Overlord  
  30  4:09  Ravager x2  
  29  4:24  Roach x2  
  33  4:43  Overlord  
  33  5:02  Roach x2  
  33  5:04  Ravager  
  38  5:12  Ravager  
Tags
 
Add a new tag
Caveats
  • Supply blocks, unpowered buildings, or Contaminate may cause inaccurate times.
  • Supply counts are checked every 10 seconds.